Map: Eastwatch LE

Players

Calculus

  • Race: Protoss Protoss
  • League: Gold
  • Spawn Location: 1:00

thesextoy - Winner!

  • Race: Protoss Protoss
  • League: Silver
  • Spawn Location: 7:00

VOD

https://www.youtube.com/edit?o=U&video_id=POLF8jEGcB4

Description

Time

  • Played on: April 12, 2018, 5:48 p.m.
  • Length: 8:39
Show
View Real Time Build Order
Export as new Build Order

Calculus Protoss 

Build Orders: 1 Gate Expand, Double Forge, Blink Stalkers 

Get SALT Encoding   

  12  0:01  Probe (Chrono Boost)  
  13  0:11  Probe (Chrono Boost)  
  14  0:18  Pylon  
  14  0:21  Probe  
  15  0:36  Probe  
  15  0:39  Gateway  
  16  0:48  Probe  
  17  0:58  Assimilator  
  17  1:00  Probe  
  18  1:12  Probe  
  19  1:22  Nexus  
  19  1:27  Probe  
  20  1:36  Cybernetics Core  
  19  1:40  Probe  
  20  1:50  Assimilator  
  20  1:53  Probe  
  21  2:05  Probe  
  22  2:24  Probe  
  22  2:25  Pylon  
  23  2:43  Stalker (Chrono Boost)  
  25  2:44  Probe  
  25  2:49  Nexus  
  26  3:12  Probe  
  27  3:13  Twilight Council  
  27  3:20  Robotics Facility  
  27  3:24  Probe, Stalker  
  30  3:33  Gateway  
  30  3:34  Gateway  
  30  3:37  Probe, Pylon  
  31  3:50  Blink  
  31  3:55  Probe  
  32  4:00  Pylon  
  32  4:02  Stalker  
  34  4:04  Pylon  
  34  4:07  Probe  
  34  4:08  Observer  
  36  4:12  Probe  
  37  4:27  Probe, Forge  
  37  4:28  Probe  
  37  4:30  Forge  
  39  4:34  Stalker  
  41  4:47  Probe x2, Shield Battery  
  41  4:48  Stalker  
  45  5:01  Probe x2  
  45  5:02  Protoss Ground Weapons Level 1  
  45  5:03  Protoss Ground Armor Level 1  
  45  5:06  Observer  
  48  5:13  Probe x2  
  50  5:14  Stalker  
  52  5:27  Pylon  
  52  5:30  Probe x2  
  52  5:31  Pylon  
  52  5:32  Assimilator  
  54  5:36  Assimilator  
  54  5:55  Stalker  
  54  5:56  Stalker x2  
  61  5:57  Probe x2  
  61  6:03  Nexus  
  62  6:14  Immortal  
  62  6:15  Probe x2  
  68  6:28  Probe x2  
  70  6:39  Stalker x3  
  76  6:43  Probe x2  
  78  6:53  Warp Prism  
  80  7:08  Pylon  
  80  7:10  Pylon  
  80  7:12  Probe x2  
  82  7:16  Probe, Stalker  
  82  7:17  Stalker x2  
  82  7:18  Pylon  
  82  7:21  Pylon  
  89  7:28  Pylon  
  89  7:36  Immortal  
  93  7:38  Probe x3  
  96  8:05  Stalker x3  
Show
View Real Time Build Order
Export as new Build Order

thesextoy Protoss - Winner!

Build Orders: Double Forge 

Get SALT Encoding   

  12  0:12  Probe (Chrono Boost)  
  13  0:24  Probe (Chrono Boost)  
  14  0:39  Pylon  
  14  0:50  Probe  
  15  1:02  Probe  
  15  1:04  Forge  
  16  1:14  Probe  
  17  1:48  Probe (Chrono Boost)  
  17  1:53  Nexus  
  18  1:58  Probe (Chrono Boost)  
  18  1:59  Photon Cannon  
  19  2:03  Probe (Chrono Boost), Photon Cannon  
  20  2:09  Assimilator  
  20  2:14  Probe  
  21  2:17  Pylon  
  21  2:22  Pylon  
  21  2:30  Probe (Chrono Boost)  
  22  2:38  Photon Cannon  
  22  2:40  Probe (Chrono Boost)  
  23  2:51  Gateway  
  23  3:07  Probe (Chrono Boost)  
  24  3:15  Gateway  
  24  3:17  Probe (Chrono Boost)  
  25  3:22  Probe (Chrono Boost)  
  25  3:25  Assimilator  
  27  3:34  Probe (Chrono Boost)  
  27  3:38  Probe (Chrono Boost)  
  28  3:44  Probe (Chrono Boost)  
  29  3:49  Probe (Chrono Boost), Cybernetics Core  
  30  3:59  Pylon  
  30  4:00  Probe  
  31  4:04  Assimilator  
  31  4:12  Forge  
  31  4:13  Probe  
  31  4:14  Forge  
  32  4:19  Pylon  
  32  4:20  Pylon  
  32  4:22  Pylon  
  32  4:30  Probe (Chrono Boost)  
  33  4:31  Warp Gate  
  33  4:38  Gateway  
  33  4:40  Probe (Chrono Boost)  
  33  4:45  Probe (Chrono Boost)  
  34  4:46  Protoss Ground Weapons Level 1 (Chrono Boost)  
  34  4:48  Protoss Ground Armor Level 1 (Chrono Boost)  
  35  4:56  Probe  
  36  5:05  Protoss Shields Level 1 (Chrono Boost)  
  36  5:08  Probe  
  37  5:14  Pylon  
  37  5:18  Photon Cannon  
  37  5:27  Gateway  
  37  5:30  Gateway  
  37  5:49  Twilight Council  
  37  5:57  Pylon  
  37  6:36  Zealot x4  
  37  6:37  Zealot  
  47  6:45  Gateway  
  47  6:46  Gateway  
  47  7:03  Zealot x2  
  47  7:04  Zealot x3  
  57  7:38  Stalker x2  
  57  7:39  Stalker x2  
  57  7:40  Stalker  
  57  7:41  Stalker  
  57  7:42  Stalker  
  71  8:04  Zealot  
  71  8:05  Zealot x3  
  77  8:06  Zealot  
  77  8:08  Zealot x2  
  77  8:09  Zealot  
  81  8:34  Photon Cannon  
  81  8:35  Photon Cannon  
Tags
 
Add a new tag
Caveats
  • Supply blocks, unpowered buildings, or Contaminate may cause inaccurate times.
  • Supply counts are checked every 10 seconds.